 Dungeon Crawl Stone Soup version 0.29-a0-284-gf9362112df (webtiles) character file.

Game seed: 1750917710533240182

48 quinnr the Gusty (level 3, -1/20 HPs)
             Began as a Tengu Air Elementalist on Mar 17, 2022.
             Slain by an orc wizard
             ... wielding a +0 dagger
              (2 damage)
             ... on level 1 of the Dungeon.
             The game lasted 00:03:55 (1730 turns).

quinnr the Gusty (Tengu Air Elementalist)           Turns: 1730, Time: 00:03:55

Health: -1/20      AC:  2    Str:  6 (8)  XL:     3   Next: 72%
Magic:  6/8        EV: 12    Int: 16 (17) God:
Gold:   58         SH:  0    Dex: 13 (14) Spells: 7/8 levels left

rFire   . . .      SeeInvis .   e - staff of cold
rCold   + . .      Faith    .   (no shield)
rNeg    . . .      Spirit   .   a - +0 robe
rPois   .          Reflect  .   (helmet restricted)
rElec   .          Harm     .   (no cloak)
rCorr   .          Rampage  .   (no gloves)
Will    .....                   (boots unavailable)
Stlth   ++........              (no amulet)
HPRegen 0.06/turn               (no ring)
MPRegen 0.11/turn               (no ring)

@: hasted, very quick
A: beak, talons 3
a: no special abilities


You were on level 1 of the Dungeon.
You visited 1 branch of the dungeon, and saw 2 of its levels.

You collected 58 gold pieces.

Inventory:

Armour
 a - a +0 robe (worn)
Magical Staves
 e - a staff of cold (weapon)
Jewellery
 d - a ring of fire
Scrolls
 c - a scroll of teleportation {unknown}
 f - 4 scrolls of identify {unknown}
 h - 3 scrolls of silence {unknown}
 i - a scroll of magic mapping {unknown}
 k - a scroll of noise {unknown}
Potions
 b - a potion of magic


   Skills:
 + Level 0.8 Fighting
 - Level 2.1 Dodging
 + Level 2.3 Stealth
 - Level 3.0 Spellcasting
 - Level 2.0 Conjurations
 + Level 4.3 Air Magic


You had 7 spell levels left.
You knew the following spells:

 Your Spells              Type           Power      Damage    Failure   Level
a - Shock                 Conj/Air       48%        1d6       5%          1

Your spell library contained the following spells:

 Spells                   Type           Power      Damage    Failure   Level
 Static Discharge         Conj/Air       12%        N/A       8%          2
 Swiftness                Air            16%        N/A       10%         3
 Airstrike                Air            8%         N/A       32%         4


Dungeon Overview and Level Annotations

Branches:
Dungeon (2/15)

Altars:


Innate Abilities, Weirdness & Mutations

You have a beak for a mouth.
You have claws for feet.


Message History

* * * LOW HITPOINT WARNING * * *
You climb upwards.
Reactivating autopickup.
There is a stone staircase leading down here.
You start resting.
Magic restored.
You start resting.
HP restored.
You climb downwards.
The orc wizard hits you with a +0 dagger.
There is a stone staircase leading up here.
Unknown command.
The zap hits the orc wizard.
The orc wizard is lightly wounded.
The orc wizard hits you with a +0 dagger.
The zap hits the orc wizard.
The orc wizard is lightly wounded.
The orc wizard barely misses you.
The zap misses the orc wizard.
The orc wizard gestures at you while chanting.
The magic dart hits you!
Ouch! That really hurt!
* * * LOW HITPOINT WARNING * * *
You are too injured to fight recklessly!
Unknown command.
The orc wizard misses you.
You climb upwards.
There is a stone staircase leading down here.
Unknown command.
The orc wizard hits you with a +0 dagger.
* * * LOW HITPOINT WARNING * * *
The orc wizard gestures wildly while chanting.
The orc wizard flickers and vanishes!
Deactivating autopickup; reactivate with Ctrl-A.
It was a potion of haste.
You feel yourself speed up.
It was a potion of degeneration.
There was something very wrong with that liquid.
You feel weakened.
You feel dopey.
You feel clumsy.
You miss something. You claw something. Something hits you.
You die...

### #.. ################..
#>................
#.....######......
#.##.............# ########
#{##..######.....#
#......#####@##..#........#.#
#................#.######.#.#
#............................
######.......###.#.######.#.#
#.......# #.#.######.#..
#.......###.#.#......#..
####..........#########.
#....................
#.........#########..


There were no monsters in sight!

Vanquished Creatures
  2 adders
  2 orcs (D:2)
  4 ball pythons
  2 endoplasms (D:1)
  2 giant cockroaches
  A goblin (D:2)
  3 hobgoblins (D:1)
  A quokka (D:1)
  2 bats (D:1)
  4 frilled lizards
  2 kobolds (D:2)
  A rat (D:1)
26 creatures vanquished.

Notes
Turn   | Place    | Note
-------+----------+-------------------------------------------
     0 | D:1      | quinnr the Tengu Air Elementalist began the quest for the
                  | Orb.
     0 | D:1      | Reached XP level 1. HP: 10/10 MP: 4/4
   265 | D:1      | Reached XP level 2. HP: 15/15 MP: 0/6
   889 | D:1      | Reached XP level 3. HP: 19/19 MP: 3/8
  1407 | D:2      | HP: 1/20 [something/magic dart (2)]
  1724 | D:1      | HP: 1/20 [orc wizard/+0 dagger (3)]
  1730 | D:1      | Slain by an orc wizard

Illustrated notes

Levels and vault maps discovered:
D:1:      dpeg_arrival_concentric_ovals, layout_basic
D:2:      layout_rooms, minmay_puff

Skill      XL: |  1  2 |
---------------+-------+-----
Conjurations   | 2 |  2.0
Spellcasting   | 3 |  3.0
Fighting       | |  0.8
Dodging        | |  2.1
Stealth        | |  2.3
Air Magic      | |  4.3

Action                   || total
-------------------------++-------
Melee: Staff             ||     2
       Kick              ||     1
 Cast: Shock             ||    61
  Use: Potion            ||     2
Armor: Robe              ||     6
Dodge: Dodged            ||     9

Table legend: (Time is in decaauts)
 A = Elapsed time spent in this place.
 B = Non-inter-level travel time spent in this place.
 C = Inter-level travel time spent in this place.
 D = Time resting spent in this place.
 E = Time spent auto-exploring this place.
 F = Levels seen in this place.
 G = Mean time per level.
                   A        B        C        D        E       F      G
               +--------+--------+--------+--------+--------+-----+--------+
         Total |   1733 |   1693 |     40 |    308 |   1167 |   2 |  866.5 |
       Dungeon |   1733 |   1693 |     40 |    308 |   1167 |   2 |  866.5 |
               +--------+--------+--------+--------+--------+-----+--------+

Top non-repeatable levels by time:
     D:1: 1175 daAuts
     D:2: 557 daAuts
